 Dungeon Crawl Stone Soup version 0.31-a0-23-gcbde74481b (webtiles) character file.

Game seed: 1997454674016708777

44 pk666 the Magician (level 3, -3/19 HPs)
             Began as a Deep Elf Hedge Wizard on May 13, 2023.
             Slain by an orc
             ... wielding a +0 hand axe
              (6 damage)
             ... on level 2 of the Dungeon.
             The game lasted 00:03:43 (1461 turns).

pk666 the Magician (Deep Elf Hedge Wizard)          Turns: 1461, Time: 00:03:44

Health: -3/19      AC:  2    Str:  7    XL:     3   Next: 39%
Magic:  0/11       EV: 12    Int: 20    God:
Gold:   39         SH:  0    Dex: 14    Spells: 9/12 levels left

rFire   . . .        a - +0 dagger
rCold   . . .        (no shield)
rNeg    . . .        b - +0 robe
rPois   .            c - +0 hat
rElec   .            (no cloak)
rCorr   .            (no gloves)
SInv    .            (no boots)
Will    .....        (no amulet)
Stlth   ++           (no ring)
HPRegen 0.23/turn    (no ring)
MPRegen 0.12/turn

%: no passive effects
@: no status effects
A: no striking features
a: no special abilities


You were on level 2 of the Dungeon.
You visited 1 branch of the dungeon, and saw 2 of its levels.

You collected 109 gold pieces.
You spent 70 gold pieces at shops.

Inventory:

Hand Weapons
 a - a +0 dagger (weapon)
Armour
 b - a +0 robe (worn)
 c - a +0 hat (worn)
Scrolls
 h - 3 scrolls of identify
 i - a scroll of magic mapping {unknown}
 j - a scroll of brand weapon {unknown}
 l - a scroll of poison {unknown}
Potions
 d - a potion of magic
 e - a potion of attraction {unknown}
 f - a potion of degeneration {unknown}
 g - a potion of curing
 k - a potion of flight {unknown}


   Skills:
 - Level 2.4 Dodging
 - Level 2.4 Stealth
 + Level 5.1 Spellcasting
 + Level 2.3 Conjurations
 - Level 1.1 Summonings
 + Level 2.2 Translocations


You had 9 spell levels left.
You knew the following spells:

 Your Spells              Type           Power      Damage    Failure   Level
a - Magic Dart            Conj           56%        1d5       4%          1
b - Blink                 Tloc           26%        N/A       7%          2

Your spell library contained the following spells:

 Spells                   Type           Power      Damage    Failure   Level
 Call Imp                 Summ           18%        N/A       11%         2
 Slow                     Hex            20%        N/A       12%         1
 Cigotuvi's Dreadful Rot  Necr/Pois/Air  10%        N/A       17%         2
 Mephitic Cloud           Conj/Pois/Air  8%         N/A       26%         3
 Frozen Ramparts          Ice            10%        1d2       34%         3
 Summon Ice Beast         Ice/Summ       7%         N/A       67%         4
 Ice Form                 Ice/Tmut       5%         N/A       75%         4


Dungeon Overview and Level Annotations

Branches:
Dungeon (2/15)

Altars:

Shops:
D:1 *:


Message History

The worm is severely wounded.
The orc hits you with a +0 hand axe.
Casting: Magic Dart (safe; 4% risk of failure)
Confirm with . or Enter, or press ? or * to list all spells.
Aiming: Magic Dart (safe; 4% risk of failure)
Press: ? - help, Shift-Dir - straight line, f/p - worm
Aim: a worm (severely wounded, 100% to hit)
The magic dart hits the worm.
The worm is almost dead.
The orc barely misses you.
Casting: Magic Dart (safe; 4% risk of failure)
Confirm with . or Enter, or press ? or * to list all spells.
Aiming: Magic Dart (safe; 4% risk of failure)
Press: ? - help, Shift-Dir - straight line, f/p - worm
Aim: a worm (almost dead, 100% to hit)
The magic dart hits the worm.
The worm is almost dead.
The orc hits you with a +0 hand axe.
Casting: Magic Dart (safe; 4% risk of failure)
Confirm with . or Enter, or press ? or * to list all spells.
Aiming: Magic Dart (safe; 4% risk of failure)
Press: ? - help, Shift-Dir - straight line, f/p - worm
Aim: a worm (almost dead, 100% to hit)
The magic dart hits the worm.
You kill the worm!
The orc closely misses you.
Casting: Magic Dart (safe; 4% risk of failure)
Confirm with . or Enter, or press ? or * to list all spells.
Aiming: Magic Dart (safe; 4% risk of failure)
Press: ? - help, Shift-Dir - straight line, f - orc
Aim: an orc, wielding a +0 hand axe and wearing a +0 leather armour (lightly wounded, 100% to hit)
The magic dart hits the orc.
The orc is heavily wounded.
The orc hits you with a +0 hand axe.
* * * LOW HITPOINT WARNING * * *
Casting: Magic Dart (safe; 4% risk of failure)
Confirm with . or Enter, or press ? or * to list all spells.
You don't have enough magic to cast this spell.
The orc attacks as you move away! The orc hits you with a +0 hand axe.
You die...

.. . .. .. .. .. #.
######## #. #$ #......#
####.#. #.####.##########
?......###.#..............
........o@................
...$.†.###.#..............
....... ...#..............
....... ..#.##...........
####### ...#..............
##..).............
.................
#########.#######
...............


You could see an orc.

Vanquished Creatures
  A worm (D:2)
  A dart slug (D:1)
  2 ball pythons (D:1)
  3 bats
  4 endoplasms
  11 goblins
  3 hobgoblins (D:1)
  3 kobolds (D:1)
  A quokka (D:1)
  A frilled lizard (D:1)
  3 rats (D:1)
33 creatures vanquished.

Notes
Turn   | Place    | Note
-------+----------+-------------------------------------------
     0 | D:1      | pk666 the Deep Elf Hedge Wizard began the quest for the
                  | Orb.
     0 | D:1      | Reached XP level 1. HP: 10/10 MP: 7/7
   188 | D:1      | Found Saciemex's General Store.
   219 | D:1      | Reached XP level 2. HP: 15/15 MP: 2/9
   280 | D:1      | Bought a potion of curing for 42 gold pieces
   289 | D:1      | Bought a scroll of identify for 28 gold pieces
   470 | D:1      | Learned a level 2 spell: Blink
   872 | D:1      | Reached XP level 3. HP: 19/19 MP: 7/11
   906 | D:1      | Found Ajue's Book Shop.
   985 | D:1      | Reached skill level 5 in Spellcasting
  1461 | D:2      | Slain by an orc

Illustrated notes

Levels and vault maps discovered:
D:1:      mrwooster_arrival_statue, layout_basic, serial_shops, shop, shop_coins
D:2:      layout_basic, hangedman_glass_garden, roderic_serpentine_path,
          hangedman_decor_push, st_stairs_1, guppyfry_early_orc_mine

Skill      XL: |  1  2  3 |
---------------+----------+-----
Conjurations   | 2 |  2.3
Translocations | 2 |  2.2
Spellcasting   | 5 |  5.1
Dodging        | |  2.4
Stealth        | |  2.4
Summonings     | |  1.1

Action                     || total
---------------------------++-------
  Melee: Dagger            ||    10
         Punch             ||     1
   Cast: Magic Dart        ||    88
 Armour: Robe              ||     3
  Dodge: Dodged            ||    13

Table legend: (Time is in decaauts)
 A = Elapsed time spent in this place.
 B = Non-inter-level travel time spent in this place.
 C = Inter-level travel time spent in this place.
 D = Time resting spent in this place.
 E = Time spent auto-exploring this place.
 F = Levels seen in this place.
 G = Mean time per level.
                   A        B        C        D        E       F      G
               +--------+--------+--------+--------+--------+-----+--------+
         Total |   1460 |   1435 |     25 |    405 |    859 |   2 |  730.0 |
       Dungeon |   1460 |   1435 |     25 |    405 |    859 |   2 |  730.0 |
               +--------+--------+--------+--------+--------+-----+--------+

Top non-repeatable levels by time:
     D:1: 1298 daAuts
     D:2: 162 daAuts
